 Dungeon Sprint DCSS version 0.24-a0-250-g6074511092 (webtiles) character file.

Game seed: 7563552637027931940

12895 Redear the Protected (level 11, -1/114 HPs)
             Began as a Deep Dwarf Fighter on Apr 15, 2019.
             Was the Champion of Makhleb.
             Killed from afar by a necromancer (39 damage)
             ... with a bolt of cold
             ... in the Dungeon (Sprint VII: "The Pits").
             The game lasted 00:11:10 (1326 turns).

Redear the Protected (Deep Dwarf Fighter)           Turns: 1326, Time: 00:11:10

Health: -1/114     AC: 18    Str: 24    XL:     11   Next: 68%
Magic:  16/16      EV: 17    Int: 10    God:    Makhleb [******]
Gold:   42         SH: 14    Dex: 16    Spells: 10/10 levels left

rFire    . . .     SeeInvis .   b - +2 morningstar (freeze)
rCold    . . .     Gourm    .   c - +0 shield
rNeg     . . .     Faith    .   n - +4 chain mail
rPois    .         Spirit   .   (no helmet)
rElec    .         Reflect  .   r - +0 cloak
rCorr    .         Harm     .   (no gloves)
MR       +....     NoTele   +   (no boots)
Stlth    ..........             (no amulet)
HPRegen  0.00/turn              p - +3 ring of dexterity
MPRegen  0.15/turn              q - +3 ring of strength

@: non-regenerating
A: damage resistance, heal wounds, sense surroundings 2, no regeneration
a: Heal Wounds, Minor Destruction, Lesser Servant of Makhleb, Major Destruction,
Greater Servant of Makhleb, Renounce Religion


You were in the Dungeon.
You worshipped Makhleb.
Makhleb was exalted by your worship.
You were not hungry.

You visited 1 branch You collected 42 gold pieces.

Inventory:

Hand Weapons
 a - a +0 flail
 b - a +2 morningstar of freezing (weapon)
 e - a +2 mace
 m - a +1 flail of crushing
 o - a +4 rapier of venom
Missiles
 Z - a throwing net (quivered) {+f}
Armour
 c - a +0 shield (worn)
 n - a +4 chain mail (worn)
 r - a +0 cloak (worn)
 v - a +1 cloak of invisibility
Jewellery
 p - a +3 ring of dexterity (left hand)
 q - a +3 ring of strength (right hand)
 s - an uncursed ring of see invisible {SInv}
 u - an uncursed ring of positive energy {rN+}
Wands
 t - a wand of disintegration (10)
 E - a wand of enslavement (3)
Scrolls
 h - 5 scrolls of amnesia
 k - a scroll of summoning
 w - 2 scrolls of fog
 x - 2 scrolls of enchant weapon
 y - a scroll of fear
 B - 2 scrolls of blinking {@r4}
 C - 2 scrolls of enchant armour
 N - 6 scrolls of remove curse
 R - a scroll of identify {@r1}
Potions
 d - 5 potions of might {Str+5 DMG+1d10 | @q3}
 f - a potion of invisibility
 g - 12 potions of heal wounds {@q1}
 i - 4 potions of magic
 j - a potion of berserk rage
 A - 2 potions of resistance {rF+ rC+ rPois rElec rCorr}
 H - 4 potions of haste {@q5}
 Q - 8 potions of curing {@q2}
Comestibles
 l - a chunk of flesh
 z - 10 rations


   Skills:
 + Level 12.1 Fighting
 + Level 12.9 Maces & Flails
 + Level 14.1 Armour
 + Level 13.7 Dodging
 + Level 14.1 Shields
 + Level 10.1 Invocations


You had 10 spell levels left.
You didn't know any spells.
Your spell library was empty.

Dungeon Overview and Level Annotations

Branches:
Dungeon (1/1)

Altars:
Ashenzari
Cheibriados
Dithmenos
Elyvilon
Fedhas
Gozag
Hepliaklqana
Kikubaaqudgha
Makhleb
Nemelex Xobeh
Okawaru
Qazlal
Ru
Sif Muna
Trog
Uskayaw
Vehumet
Wu Jian
Xom
Yredelemnul
Zin
The Shining One
Beogh
Jiyva
Lugonu


Innate Abilities, Weirdness & Mutations

You are resistant to damage.
You can heal yourself by infusing magical energy.
You passively map the area around you.
You do not regenerate.


Message History

You hit the orc high priest. You freeze the orc high priest.
The orc high priest is heavily wounded.
You block the bat zombie's attack. x2; The orc warrior closely misses you.
The orc high priest hits you with a cursed -3 halberd.
The bat zombie misses you.
The necromancer gestures at you while chanting.
Your body is wracked with pain!
You take 35 damage, and have 40/114 hp.
MASSIVE DAMAGE!!
You sock the orc high priest! You freeze the orc high priest.
The orc high priest is severely wounded.
You block the bat zombie's attack. x2
The orc warrior hits you with a +0 scimitar.
The orc high priest closely misses you.
You take 2 damage, and have 38/114 hp.
You puncture the orc high priest! You freeze the orc high priest.
The orc high priest is almost dead.
You block the bat zombie's attack. x2
The necromancer points at you and mumbles some strange words.
The bolt of cold hits you!!!
You die...

.#..#.....[##...53......p..#
...........##...55.o...o...# *
####'+######################*
..##§'###########################
..##..........#...)..#.......#...
..##..........+......#.......#...
..##..#####...#####'##.......####
..##..)...#....Z.............))..
..##..#...#.(..o@o.##'##.........
..##..#...#)#####p.#...#..###+##.
####..#####)+...#..#...#..#....#.
####........#...'..##'##..+....#.
.[##.)......#..p#.......))####'#)
.[###'###...#...#..............(†
))##....+...#+###...####'##....((
))##....#...........#)....#......
.)##....#..........)))....#......


You could see an orc high priest, a necromancer, an orc warrior and a bat
zombie.

Vanquished Creatures
  Harold (D)
  An alligator snapping turtle (D)
  A death yak (D)
  A sixfirhy (D)
  A flayed ghost (D)
  An orc knight (D)
  4 deep elf magi (D)
  Maurice (D)
  A merfolk siren (D)
  Psyche (D)
  A molten gargoyle (D)
  A kobold demonologist (D)
  An ice devil (D)
  A wandering mushroom (D)
  A troll (D)
  A tyrant leech (D)
  8 dream sheep (D)
  A vampire (D)
  A tarantella (D)
  Eustachio (D)
  A redback (D)
  2 wyverns (D)
  4 yaks (D)
  A soldier ant (D)
  2 black bears (D)
  2 orc warriors (D)
  A phantom (D)
  2 sky beasts (D)
  4 wolves (D)
  2 big kobolds (D)
  A bullfrog (D)
  6 killer bees (D)
  5 wights (D)
  A crimson imp (D)
  A small abomination (D)
  A hound (D)
  A jelly (D)
  2 orc priests (D)
  2 iron imps (D)
  An orc wizard (D)
  Jessica (D)
  2 worker ants (D)
  A gnoll (D)
  A river rat (D)
  2 orcs (D)
  A bat skeleton (D)
  2 bat zombies (D)
  A giant cockroach (D)
  2 jackals (D)
  4 kobolds (D)
  A quokka (D)
  A frilled lizard (D)
  A jackal skeleton (D)
  2 rats (D)
94 creatures vanquished.

Vanquished Creatures (collateral kills)
  A cyclops (D)
  A hornet (D)
  5 dream sheep (D)
  A yak (D)
  A wight (D)
  An orc priest (D)
  2 orcs (D)
12 creatures vanquished.

Vanquished Creatures (others)
  A redback (D)
  A hell rat (D)
2 creatures vanquished.

Grand Total: 108 creatures vanquished

Notes
Turn   | Place    | Note
-------+----------+-------------------------------------------
     0 | D        | Redear the Deep Dwarf Fighter began the quest for the Orb.
     0 | D        | Reached XP level 1. HP: 20/20 MP: 1/1
    20 | D        | Reached skill level 3 in Fighting
    20 | D        | Reached skill level 1 in Dodging
    20 | D        | Reached XP level 2. HP: 28/28 MP: 2/2
    27 | D        | Found a bloodstained altar of Trog.
    27 | D        | Found a deep blue altar of Sif Muna.
    27 | D        | Found a viscous altar of Jiyva.
    27 | D        | Found a hazy altar of Hepliaklqana.
    27 | D        | Found an opulent altar of Gozag.
    52 | D        | Found a glowing golden altar of the Shining One.
    52 | D        | Found a glowing silver altar of Zin.
    52 | D        | Found a basalt altar of Yredelemnul.
    52 | D        | Found a shimmering altar of Xom.
    52 | D        | Found an ornate altar of the Wu Jian Council.
    52 | D        | Found a sacrificial altar of Ru.
    52 | D        | Found a stormy altar of Qazlal.
    52 | D        | Found an iron altar of Okawaru.
    52 | D        | Found a sparkling altar of Nemelex Xobeh.
    52 | D        | Found a burning altar of Makhleb.
    52 | D        | Found a blossoming altar of Fedhas.
    52 | D        | Found a white marble altar of Elyvilon.
    52 | D        | Found a shadowy altar of Dithmenos.
    52 | D        | Found a snail-covered altar of Cheibriados.
    53 | D        | Found a radiant altar of Vehumet.
    53 | D        | Found a corrupted altar of Lugonu.
    53 | D        | Found a roughly hewn altar of Beogh.
    54 | D        | Found a hide-covered altar of Uskayaw.
    54 | D        | Found an ancient bone altar of Kikubaaqudgha.
    54 | D        | Found a shattered altar of Ashenzari.
    64 | D        | Became a worshipper of Makhleb the Destroyer
    82 | D        | HP: 2/28 [gnoll/+0 halberd (1)]
    83 | D        | Your magical essence is drained by the effort!
    90 | D        | Reached skill level 3 in Maces & Flails
    90 | D        | Reached skill level 4 in Armour
    90 | D        | Reached skill level 2 in Dodging
    90 | D        | Reached skill level 4 in Shields
    94 | D        | Reached * piety under Makhleb
   112 | D        | Reached skill level 3 in Dodging
   112 | D        | Reached XP level 3. HP: 24/36 MP: 2/2
   121 | D        | Reached ** piety under Makhleb
   121 | D        | Reached skill level 4 in Fighting
   121 | D        | Reached skill level 4 in Maces & Flails
   121 | D        | Reached skill level 5 in Armour
   121 | D        | Reached skill level 5 in Shields
   121 | D        | Reached XP level 4. HP: 28/44 MP: 3/3
   192 | D        | Noticed a phantom
   197 | D        | Reached *** piety under Makhleb
   197 | D        | Reached skill level 4 in Dodging
   205 | D        | HP: 4/45 [orc priest/+0 trident (3)]
   214 | D        | Reached skill level 5 in Fighting
   214 | D        | Reached skill level 5 in Maces & Flails
   214 | D        | Reached skill level 6 in Armour
   214 | D        | Reached skill level 6 in Shields
   214 | D        | Reached XP level 5. HP: 18/52 MP: 4/4
   248 | D        | Reached **** piety under Makhleb
   248 | D        | Reached skill level 5 in Dodging
   253 | D        | Killed a phantom
   253 | D        | Reached skill level 7 in Armour
   253 | D        | Reached XP level 6. HP: 62/62 MP: 5/5
   254 | D        | Reached skill level 7 in Shields
   264 | D        | Noticed Jessica
   269 | D        | Killed Jessica
   269 | D        | Reached skill level 6 in Maces & Flails
   269 | D        | Reached skill level 6 in Dodging
   275 | D        | Noticed a deep elf mage
   296 | D        | Killed a deep elf mage
   296 | D        | Reached ***** piety under Makhleb
   296 | D        | Reached skill level 7 in Fighting
   296 | D        | Reached skill level 7 in Maces & Flails
   296 | D        | Reached skill level 8 in Armour
   296 | D        | Reached skill level 7 in Dodging
   296 | D        | Reached skill level 8 in Shields
   296 | D        | Reached XP level 7. HP: 65/72 MP: 6/6
   300 | D        | Noticed Eustachio
   320 | D        | Killed Eustachio
   320 | D        | Reached skill level 9 in Armour
   320 | D        | Reached skill level 8 in Dodging
   320 | D        | Reached skill level 9 in Shields
   336 | D        | Reached skill level 8 in Maces & Flails
   348 | D        | Reached XP level 8. HP: 49/81 MP: 7/7
   358 | D        | Noticed a troll
   380 | D        | Killed a troll
   380 | D        | Reached skill level 8 in Fighting
   380 | D        | Reached skill level 9 in Dodging
   513 | D        | Reached skill level 10 in Armour
   513 | D        | Reached skill level 10 in Shields
   514 | D        | Reached ****** piety under Makhleb
   529 | D        | Reached skill level 9 in Maces & Flails
   541 | D        | Noticed a dream sheep
   541 | D        | Noticed a dream sheep
   541 | D        | Noticed a dream sheep
   541 | D        | Noticed a dream sheep
   541 | D        | Noticed a dream sheep
   541 | D        | Noticed a dream sheep
   542 | D        | Noticed a dream sheep
   554 | D        | Killed a dream sheep
   556 | D        | Killed a dream sheep
   556 | D        | Reached skill level 9 in Fighting
   556 | D        | Reached skill level 10 in Dodging
   556 | D        | Gained mutation: You passively map the area around you.
                  | [Deep Dwarf growth]
   556 | D        | Reached XP level 9. HP: 87/91 MP: 8/8
   566 | D        | Reached skill level 11 in Armour
   566 | D        | Reached skill level 11 in Shields
   572 | D        | Reached skill level 10 in Maces & Flails
   578 | D        | HP: 5/92 [dream sheep (23)]
   602 | D        | Noticed a deep elf mage
   620 | D        | Killed a deep elf mage
   620 | D        | Reached skill level 10 in Fighting
   620 | D        | Reached skill level 11 in Dodging
   681 | D        | Noticed a death yak
   685 | D        | Noticed a molten gargoyle
   695 | D        | Reached XP level 10. HP: 101/102 MP: 9/9
   705 | D        | Killed a death yak
   705 | D        | Reached skill level 11 in Maces & Flails
   705 | D        | Reached skill level 12 in Armour
   705 | D        | Reached skill level 12 in Shields
   705 | D        | Reached skill level 3 in Invocations
   715 | D        | Killed a molten gargoyle
   730 | D        | Noticed a flayed ghost
   740 | D        | Reached skill level 4 in Invocations
   750 | D        | Killed a flayed ghost
   750 | D        | Reached skill level 12 in Dodging
   750 | D        | Reached skill level 5 in Invocations
   809 | D        | Reached skill level 6 in Invocations
   832 | D        | Noticed a sixfirhy
   838 | D        | Killed a sixfirhy
   838 | D        | Reached skill level 11 in Fighting
   846 | D        | Noticed an orc knight
   846 | D        | Noticed a deep elf mage
   846 | D        | Noticed Harold
   856 | D        | Your magical essence is drained by the effort!
   863 | D        | Killed an orc knight
   863 | D        | Reached skill level 13 in Armour
   863 | D        | Reached skill level 13 in Shields
   863 | D        | Reached skill level 7 in Invocations
   868 | D        | Killed Harold
   868 | D        | Reached skill level 12 in Maces & Flails
   868 | D        | Reached XP level 11. HP: 111/111 MP: 14/14
   873 | D        | Killed a deep elf mage
   873 | D        | Reached skill level 8 in Invocations
   931 | D        | Noticed an alligator snapping turtle
   957 | D        | Killed an alligator snapping turtle
   957 | D        | Reached skill level 13 in Dodging
   986 | D        | Reached skill level 9 in Invocations
  1080 | D        | Noticed Maurice
  1121 | D        | Killed Maurice
  1121 | D        | Reached skill level 12 in Fighting
  1133 | D        | Noticed a deep elf mage
  1141 | D        | Killed a deep elf mage
  1141 | D        | Reached skill level 14 in Armour
  1141 | D        | Reached skill level 14 in Shields
  1232 | D        | Noticed Psyche
  1251 | D        | Killed Psyche
  1251 | D        | Reached skill level 10 in Invocations
  1273 | D        | Noticed an orc high priest
  1276 | D        | Noticed an orc sorcerer
  1277 | D        | Noticed a necromancer
  1326 | D        | Killed from afar by a necromancer

Levels and vault maps discovered:
D:        pitsprint [storerooms_1, entrance_room_1, metal_vault_8, armoury_2,
          mini_pit_1, grid_room_1, main_hall_1, silver_pit, the_coven_2,
          the_vestibule_1, steel_vault_5, golden_pit, hallway_of_sentries,
          crystal_vault_4, iron_vault_2, final_vault]

Skill      XL: |  1  2  3  4  5  6  7  8  9 10 11 |
---------------+----------------------------------+-----
Fighting       | 3 4 5 7 9 10 11 12 | 12.1
Dodging        | 1 3 4 5 7 8 10 11 12 13 | 13.7
Maces & Flails | 3 4 5 7 8 9 10 12 | 12.9
Armour         | 4 5 6 7 8 9 10 11 13 14 | 14.1
Shields        | 4 5 6 8 9 10 11 13 14 | 14.1
Invocations    | 7 10 | 10.1

Action                   |  1- 3 |  4- 6 |  7- 9 | 10-12 || total
-------------------------+-------+-------+-------+-------++-------
Melee: Flail             |     3 |       |       |       ||     3
       Mace              |    27 |    80 |    52 |       ||   159
       Morningstar       |       |       |   107 |   241 ||   348
Invok: Lesser Servant of |       |       |     1 |     4 ||     5
 Abil: Heal Wounds       |     1 |     4 |     4 |     6 ||    15
  Use: Potion            |       |     2 |     4 |     1 ||     7
       Scroll            |       |       |       |     1 ||     1
 Stab: Invisible         |       |       |     5 |       ||     5
       Distracted        |       |       |       |     5 ||     5
  Eat: Chunk             |       |       |       |     3 ||     3
Armor: Scale mail        |    22 |    40 |    24 |       ||    86
       Chain mail        |       |       |    47 |    82 ||   129
Dodge: Dodged            |    23 |    64 |   113 |   106 ||   306
Block: Shield            |       |       |    87 |   165 ||   252

Table legend:
 A = Non-vault XP
 B = Vault XP
 C = Vault XP percentage of total XP
 D = Non-vault monster count
 E = Vault monster count
 F = Vault count percentage of total count
                 A         B        C        D         E       F
            +---------+---------+-------+---------+---------+-------
      Total |       0 |   18422 | 100.0 |       0 |     108 | 100.0
            +---------+---------+-------+---------+---------+-------
          D |       0 |   18422 | 100.0 |       0 |     108 | 100.0
            +---------+---------+-------+---------+---------+-------
